 Dungeon Crawl Stone Soup version 0.30-a0-223-gcb0039aa0c (webtiles) character file.

Game seed: 12075585915271725820

424 qw the Chopper (level 6, 0/38 HPs)
             Began as a Gargoyle Fighter on Oct 9, 2022.
             Was an Initiate of Okawaru.
             Slain by Sigmund
             ... wielding a +1 scythe of venom
              (3 damage)
             ... on level 5 of the Dungeon.
             The game lasted 00:01:41 (3550 turns).

qw the Chopper (Gargoyle Fighter)                   Turns: 3550, Time: 00:01:42

Health: 0/38       AC: 17    Str: 21    XL:     6   Next: 96%
Magic:  7/7        EV:  7    Int:  9    God:    Okawaru [......]
Gold:   285        SH:  4    Dex:  9    Spells: 5/5 levels left

rFire   . . .      SeeInvis .    Y - +0 war axe
rCold   + . .      Faith    .    c - +0 buckler
rNeg    + . .      Spirit   .    p - +0 chain mail
rPois   inf        Reflect  .    q - +0 helmet
rElec   +          Harm     .    (no cloak)
rCorr   +          Rampage  .    (no gloves)
Will    .....                    n - +2 pair of boots
Stlth   ..........               i - amulet of the acrobat
HPRegen 0.26/turn                f - ring of protection from cold
MPRegen 0.10/turn                a - ring of resist corrosion

@: no status effects
A: sickness immunity, AC +4, negative energy resistance 1, electricity
resistance, torment resistance 1, petrification resistance
a: Renounce Religion


You were on level 5 of the Dungeon.
You worshipped Okawaru.
Okawaru was noncommittal.
You visited 1 branch of the dungeon, and saw 5 of its levels.

You collected 285 gold pieces.


Innate Abilities, Weirdness & Mutations

You are immune to sickness and miasma.
Your stone body is resilient. (AC +4)
You are immune to poison.
You resist negative energy. (rN+)
You are resistant to electric shocks. (rElec)
You are resistant to unholy torment.
You are immune to petrification.


   Skills:
 + Level 3.9 Fighting
 - Level 6.1 Axes
 - Level 3.2 Armour
 - Level 3.2 Shields
 - Level 1.3 Invocations


You had 5 spell levels left.
You didn't know any spells.
Your spell library was empty.

Inventory:

Hand Weapons
 l - a +0 mace
 Y - a +0 war axe (weapon)
Armour
 c - a +0 buckler (worn)
 n - a +2 pair of boots (worn)
 p - a +0 chain mail (worn)
 q - a +0 helmet (worn)
Jewellery
 a - a ring of resist corrosion (right hand)
 f - a ring of protection from cold (left hand)
 i - an amulet of the acrobat (around neck)
Scrolls
 g - a scroll of identify
Potions
 d - 4 potions of might
 e - a potion of resistance
 h - a potion of lignification
 j - a potion of invisibility {unknown}
 k - a potion of brilliance {unknown}
 m - a potion of haste {unknown}
 o - a potion of berserk rage {unknown}
 r - a potion of ambrosia {unknown}
 t - a potion of attraction {unknown}

Dungeon Overview and Level Annotations

Branches:
Dungeon (5/15)             Temple (0/1) D:4

Altars:
Dithmenos
Okawaru
Vehumet

Annotations:
D:5 Sigmund


Message History

The puff of flame hits you but does no damage.
You swing at nothing.
Something hits you but does no damage.
You swing at nothing.
Sigmund appears from thin air!
Reactivating autopickup.
Sigmund gestures wildly while chanting.
Sigmund flickers and vanishes!
Deactivating autopickup; reactivate with Ctrl-A.
You swing at nothing.
Something hits you but does no damage.
You swing at nothing.
Something hits you but does no damage.
You swing at nothing.
Something hits you.
You swing at nothing.
Something hits you but does no damage.
You swing at nothing.
You swing at nothing.
Something hits you.
You swing at nothing.
Something hits you but does no damage.
You swing at nothing.
Something hits you but does no damage.
You swing at nothing.
Something hits you but does no damage.
You swing at nothing.
Something hits you.
You swing at nothing.
You swing at nothing.
Something hits you but does no damage.
You swing at nothing.
Something hits you but does no damage.
You swing at nothing.
Something hits you but does no damage.
You swing at nothing.
Something hits you!
You swing at nothing.
Something hits you.
You die...

+....? .#
#..... #.
....# ..
...###.
#..#..
#..#.#
#..#{#
#.@..#
##<#....<..
###.....##
.....#
######


There were no monsters in sight!

Vanquished Creatures
  Grinder (D:4)
  Blork the orc (D:4)
  Robin (D:4)
  3 adders
  A river rat (D:4)
  3 worms
  2 dart slugs
  2 orcs
  5 endoplasms
  5 giant cockroaches
  15 goblins
  13 hobgoblins
  5 jackals
  6 kobolds
  2 quokkas
  5 ball pythons
  7 bats
  A frilled lizard (D:1)
  9 rats
87 creatures vanquished.

Notes
Turn   | Place    | Note
-------+----------+-------------------------------------------
     0 | D:1      | qw the Gargoyle Fighter began the quest for the Orb.
     0 | D:1      | Reached XP level 1. HP: 14/14 MP: 1/1
     0 | D:1      | 0 ||| qw: Version: 0.2-a-17-g06abaee
     0 | D:1      | 0 ||| qw: Game counter: 2209
     0 | D:1      | 0 ||| qw: Always use a shield: true
     0 | D:1      | 0 ||| qw: God list: Okawaru
     0 | D:1      | 0 ||| qw: Allow faded altars: false
     0 | D:1      | 0 ||| qw: Do Orc after D:15 true
     0 | D:1      | 0 ||| qw: Do second Lair branch before Depths: true
     0 | D:1      | 0 ||| qw: Lair rune preference: random
     0 | D:1      | 0 ||| qw: Plans: Normal, Zot:1-4, God:TSO, Crypt, Tomb,
                  | Pan, Slime:5, Hells, Abyss, Orb
     0 | D:1      | 0 ||| PLANNING D:1-11
    76 | D:1      | Reached skill level 2 in Axes
   123 | D:1      | Reached XP level 2. HP: 18/19 MP: 2/2
   623 | D:1      | Found a faded altar of an unknown god.
   696 | D:1      | Reached skill level 3 in Axes
   754 | D:1      | 754 ||| UPGRADING to +2 pair of boots.
   759 | D:1      | 759 ||| UPGRADING to amulet of the acrobat.
   764 | D:1      | 764 ||| UPGRADING to ring of protection from cold.
   765 | D:1      | 765 ||| READING scroll labelled VAGORI IHOKLI.
   766 | D:1      | 766 ||| READING scroll labelled WYAZXY HIRE.
   767 | D:1      | 767 ||| READING 2 scrolls labelled GINGEG KATTO.
   777 | D:1      | 777 ||| DROPPING scroll of torment.
   835 | D:2      | Reached XP level 3. HP: 21/23 MP: 3/3
  1008 | D:2      | 1008 ||| Stepping ~*~*~tactically~*~*~ (stealth).
  1520 | D:2      | 1520 ||| READING scroll labelled KUXAOJ KEPEHES.
  1521 | D:2      | 1521 ||| READING scroll labelled DONEER DAAFUT.
  1522 | D:2      | 1522 ||| READING scroll labelled FIBOSS JACH.
  1523 | D:2      | 1523 ||| READING 2 scrolls of identify.
  1523 | D:2      | 1523 ||| IDENTIFYING metallic golden potion
  1674 | D:3      | 1674 ||| DROPPING +0 club.
  1697 | D:3      | Reached XP level 4. HP: 27/28 MP: 4/4
  1886 | D:3      | 1886 ||| Stepping ~*~*~tactically~*~*~ (stealth).
  1887 | D:3      | 1887 ||| Stepping ~*~*~tactically~*~*~ (stealth).
  1889 | D:3      | 1889 ||| Stepping ~*~*~tactically~*~*~ (stealth).
  1903 | D:3      | Reached skill level 4 in Axes
  2120 | D:3      | Found an iron altar of Okawaru.
  2121 | D:3      | 2121 ||| PLANNING OKAWARU WORSHIP
  2121 | D:3      | 2121 ||| UPGRADING to +0 chain mail.
  2131 | D:3      | 2131 ||| DROPPING +0 scale mail.
  2132 | D:3      | 2132 ||| UPGRADING to ring of resist corrosion.
  2133 | D:3      | 2133 ||| READING scroll labelled PAEMPE KODO.
  2134 | D:3      | 2134 ||| DRINKING 2 metallic amethyst potions.
  2194 | D:3      | Became a worshipper of Warmaster Okawaru
  2195 | D:3      | 2195 ||| PLANNING D:1-11
  2365 | D:4      | 2365 ||| PLANNING SEWER
  2487 | D:4      | 2487 ||| Stepping ~*~*~tactically~*~*~ (hiding).
  2490 | D:4      | 2490 ||| Stepping ~*~*~tactically~*~*~ (hiding).
  2639 | D:4      | Noticed Grinder
  2640 | D:4      | 2640 ||| Stepping ~*~*~tactically~*~*~ (stealth).
  2641 | D:4      | Noticed Robin
  2642 | D:4      | 2642 ||| Stepping ~*~*~tactically~*~*~ (hiding).
  2668 | D:4      | Reached XP level 5. HP: 14/32 MP: 5/5
  2672 | D:4      | Killed Robin
  2677 | D:4      | 2677 ||| Stepping ~*~*~tactically~*~*~ (hiding).
  2698 | D:4      | 2698 ||| Stepping ~*~*~tactically~*~*~ (hiding).
  2700 | D:4      | Paralysed by Grinder for 2 turns
  2711 | D:4      | 2711 ||| Stepping ~*~*~tactically~*~*~ (hiding).
  2712 | D:4      | 2712 ||| Stepping ~*~*~tactically~*~*~ (hiding).
  2720 | D:4      | Paralysed by Grinder for 4 turns
  2727 | D:4      | 2727 ||| FLEEEEING.
  2728 | D:4      | 2728 ||| FLEEEEING.
  2734 | D:4      | 2734 ||| FLEEEEING.
  2742 | D:4      | 2742 ||| FLEEEEING.
  2743 | D:4      | 2743 ||| FLEEEEING.
  2744 | D:4      | 2744 ||| FLEEEEING.
  2745 | D:4      | 2745 ||| FLEEEEING.
  2758 | D:4      | 2758 ||| FLEEEEING.
  2759 | D:4      | 2759 ||| FLEEEEING.
  2763 | D:4      | 2763 ||| FLEEEEING.
  2790 | D:4      | Killed Grinder
  2790 | D:4      | Reached * piety under Okawaru
  2791 | D:4      | Reached skill level 6 in Axes
  2791 | D:4      | Reached XP level 6. HP: 13/37 MP: 6/6
  2945 | D:4      | Noticed Blork the orc
  2946 | D:4      | 2946 ||| INVOKING Heroism.
  2953 | D:4      | Killed Blork the orc
  2954 | D:4      | Reached skill level 1 in Invocations
  3047 | D:4      | 3047 ||| RIP SEWER
  3098 | D:4      | 3098 ||| PLANNING D:1-11
  3226 | D:4      | Found a shadowy altar of Dithmenos.
  3229 | D:4      | Found a radiant altar of Vehumet.
  3470 | D:4      | Found a staircase to the Ecumenical Temple.
  3475 | D:4      | 3475 ||| UPGRADING to +0 helmet.
  3480 | D:4      | 3480 ||| READING scroll labelled KUSHRA WIONN.
  3481 | D:4      | 3481 ||| READING scroll labelled BEL ESOCZIO.
  3498 | D:5      | Entered Level 5 of the Dungeon
  3498 | D:5      | Noticed Sigmund
  3540 | D:5      | HP: 9/38 [something (4)]
  3549 | D:5      | HP: 3/38 [something (8)]
  3550 | D:5      | Slain by Sigmund

Levels and vault maps discovered:
D:1:      heliophobic_arrival_glass_houses, layout_basic,
          basic_ecumenical_altar, minmay_pentomino_z2
D:2:      layout_loops_ring
D:3:      layout_loops_cross, lemuel_round_altar
D:4:      layout_basic, nicolae_overflow_squiral,
          minmay_temple_entry_enclosed_plants, gup_sewer_entry_bubbles,
          uniq_grinder, uniq_blork_the_orc, uniq_robin
D:5:      layout_basic, mainiacjoe_overflow_brackets, nicolae_shop_clearance,
          uniq_sigmund

Skill      XL: |  1  2  3  4  5  6 |
---------------+-------------------+-----
Axes           | 2 3 4 6 |  6.1
Invocations    | 1 |  1.3
Fighting       | |  3.9
Armour         | |  3.2
Shields        | |  3.2

Action                   |  1- 3 |  4- 6 || total
-------------------------+-------+-------++-------
Melee: War axe           |   152 |   179 ||   331
Invok: Heroism           |       |     1 ||     1
  Use: Scroll            |     7 |     3 ||    10
       Potion            |       |     1 ||     1
Armor: Scale mail        |    98 |    16 ||   114
       Chain mail        |       |   103 ||   103
Dodge: Dodged            |    46 |    79 ||   125
Block: Buckler           |    27 |    36 ||    63

Table legend:
 A = Non-vault XP
 B = Vault XP
 C = Vault XP percentage of total XP
 D = Non-vault monster count
 E = Vault monster count
 F = Vault count percentage of total count
                 A         B        C        D         E       F
            +---------+---------+-------+---------+---------+-------
      Total |     153 |     454 |  74.8 |      64 |      23 |  26.4
            +---------+---------+-------+---------+---------+-------
        D:1 |      26 |       6 |  18.8 |      18 |       2 |  10.0
        D:2 |      28 |       0 |   0.0 |      16 |       0 |   0.0
        D:3 |      63 |       0 |   0.0 |      18 |       0 |   0.0
        D:4 |      36 |     448 |  92.6 |      12 |      21 |  63.6
            +---------+---------+-------+---------+---------+-------
